 Dungeon Crawl Stone Soup version 0.31-a0-662-g684573625c (webtiles) character file.

Game seed: 17311669466801893594

89 holysushi the Insei (level 4, 18/32 HPs)
             Began as a Demonspawn Shapeshifter on Sept 1, 2023.
             Quit the game on level 2 of the Dungeon.
             The game lasted 00:01:36 (1209 turns).

holysushi the Insei (Demonspawn Shapeshifter)       Turns: 1209, Time: 00:01:37

Health: 18/32      AC:  2    Str: 14    XL:     4   Next: 31%
Magic:  4/4        EV: 12    Int: 11    God:
Gold:   84         SH:  0    Dex: 15    Spells: 3/3 levels left

rFire   . .          .
                       - Unarmed
rCold   . . .        (no shield)
rNeg    . . .        a - +0 animal skin
rPois   .            (helmet currently unavailable)
rElec   .            (cloak currently unavailable)
rCorr   .            (gloves currently unavailable)
SInv    .            (boots currently unavailable)
Will    .....        (no amulet)
Stlth   +            (no ring)
HPRegen 0.25/turn    (no ring)
MPRegen 0.09/turn

%: no passive effects
@: beast-form
A: beast (slay +1), antennae 1, powered by death 1, demonic magic 1
a: Begin Untransformation


You were on level 2 of the Dungeon.
You were a hulking beast.
You visited 1 branch of the dungeon, and saw 2 of its levels.

You collected 84 gold pieces.

Inventory:

Armour
 a - a +0 animal skin (worn)
 e - a +0 pair of boots
Talismans
 c - a beast talisman (active)
 d - a flux talisman
Scrolls
 f - a scroll of identify {unknown}
Potions
 b - a potion of lignification
 i - a potion of heal wounds {unknown}
 j - a potion of enlightenment {unknown}


   Skills:
 - Level 1.1 Fighting
 - Level 1.9 Dodging
 + Level 4.5 Unarmed Combat
 - Level 2.7 Shapeshifting


You had 3 spell levels left.
You didn't know any spells.
Your spell library was empty.

Dungeon Overview and Level Annotations

Branches:
Dungeon (2/15) Zot: 10797

Altars:

Shops:
D:2 [


Innate Abilities, Weirdness & Mutations

You are a hulking beast.
Your limbs bulge with bestial killing power. (Slay +1)
You have a pair of small antennae on your head.
You regenerate a little health from kills.
Spells you cast may paralyse adjacent enemies.


Message History

There are monsters nearby!
There are monsters nearby!
A gnoll is nearby!
The gnoll hits you with a +0 club.
You punch the gnoll!
The gnoll is heavily wounded.
The gnoll hits you with a +0 club.
You closely miss the gnoll. You punch the gnoll.
The gnoll is almost dead.
The gnoll hits you with a +0 club.
You punch the gnoll!
You kill the gnoll!
You have reached level 4!
You feel agile.
Your demonic ancestry asserts itself...
A pair of antennae grows on your head!
You closely miss the gnoll. The gnoll barely misses you.
You hit the gnoll.
The gnoll is heavily wounded.
The gnoll barely misses you.
You closely miss the gnoll.
The gnoll is heavily wounded.
The gnoll barely misses you.
You punch the gnoll!
You kill the gnoll!
You hit the gnoll.
The gnoll is moderately wounded.
The gnoll hits you with a +0 club.
You barely miss the gnoll.
The gnoll is moderately wounded.
The gnoll hits you with a +0 club!
A gnoll comes into view. It is wielding a +0 whip.
The gnoll shouts!
You punch the gnoll!
The gnoll is almost dead.
You are too injured to fight recklessly!
You punch the gnoll!
You kill the gnoll!
You are too injured to fight recklessly!
The gnoll throws a throwing net.
The throwing net barely misses you.
Are you sure you want to abandon this character and quit the game? (Confirm with "yes".)

###....#####.#
#............#
#.#....#######
#.#....#
#.#....#
#.#....#
#.#....#
#.#....#
#h#.....
#.####.. #.#
#g########
#...g...(#
###...##.#
#...##.#
#...##g#
#...##.#


You could see a gnoll.

Vanquished Creatures
  Natasha (D:2)
  3 gnolls (D:2)
  6 bats (D:1)
  An endoplasm (D:2)
  6 goblins
  5 hobgoblins
  5 ball pythons
  3 frilled lizards (D:1)
  3 kobolds (D:1)
  2 rats (D:1)
35 creatures vanquished.

Notes
Turn   | Place    | Note
-------+----------+-------------------------------------------
     0 | D:1      | holysushi the Demonspawn Shapeshifter began the quest for
                  | the Orb.
     0 | D:1      | Reached XP level 1. HP: 15/15 MP: 1/1
   121 | D:1      | Reached skill level 3 in Unarmed Combat
   191 | D:1      | Gained mutation: You regenerate a little health from kills.
                  | [demonic ancestry]
   191 | D:1      | Reached XP level 2. HP: 21/21 MP: 2/2
   578 | D:1      | Gained mutation: Spells you cast may paralyse adjacent
                  | enemies. [demonic ancestry]
   578 | D:1      | Reached XP level 3. HP: 25/26 MP: 3/3
   897 | D:2      | Found Xufoez's Armour Emporium.
  1033 | D:2      | Noticed Natasha
  1041 | D:2      | Killed Natasha
  1042 | D:2      | Reached skill level 4 in Unarmed Combat
  1188 | D:2      | Gained mutation: You have a pair of small antennae on your
                  | head. [demonic ancestry]
  1188 | D:2      | Reached XP level 4. HP: 20/32 MP: 4/4
  1209 | D:2      | Quit the game

Illustrated notes

Levels and vault maps discovered:
D:1:      lightli_molten_gateway, layout_loops_ring, dk_noncrumbling_3
D:2:      layout_basic, basic_altar, serial_shops, shop, uniq_sigmund,
          uniq_natasha

Skill      XL: |  1  2  3 |
---------------+----------+-----
Unarmed Combat | 3 4 |  4.5
Fighting       | |  1.1
Dodging        | |  1.9
Shapeshifting  | |  2.7

Action                     |  1- 3 |  4- 6 || total
---------------------------+-------+-------++-------
  Melee: Unarmed           |    91 |     8 ||    99
         Punch             |     5 |       ||     5
    Use: Scroll            |     4 |       ||     4
   Stab: Sleeping          |     2 |       ||     2
 Armour: Animal skin       |    47 |     2 ||    49
  Dodge: Dodged            |    69 |     4 ||    73

Table legend: (Time is in decaauts)
 A = Elapsed time spent in this place.
 B = Non-inter-level travel time spent in this place.
 C = Inter-level travel time spent in this place.
 D = Time resting spent in this place.
 E = Time spent auto-exploring this place.
 F = Levels seen in this place.
 G = Mean time per level.
                   A        B        C        D        E       F      G
               +--------+--------+--------+--------+--------+-----+--------+
         Total |   1202 |   1192 |     10 |     68 |    828 |   2 |  601.0 |
       Dungeon |   1202 |   1192 |     10 |     68 |    828 |   2 |  601.0 |
               +--------+--------+--------+--------+--------+-----+--------+

Top non-repeatable levels by time:
     D:1: 763 daAuts
     D:2: 438 daAuts
